 Dungeon Crawl Stone Soup version 0.22-a0-355-g201945fe43 (webtiles) character file.

378 KleinerIrrer the Poker (level 6, -20/56 HPs)
             Began as a Naga Fighter on Apr 18, 2018.
             Demolished by an ogre
             ... wielding a +0 giant spiked club
              (28 damage)
             ... on level 5 of the Dungeon.
             The game lasted 00:05:34 (3315 turns).

KleinerIrrer the Poker (Naga Fighter)               Turns: 3315, Time: 00:05:35

Health: -20/56     AC:  6    Str: 23    XL:     6   Next: 74%
Magic:  6/6        EV:  5    Int: 10    God:
Gold:   146        SH:  9    Dex: 11    Spells: 5/5 levels left

rFire    . . .     SeeInvis +   a - +0 trident
rCold    . . .     Gourm    .   c - +0 shield
rNeg     . . .     Faith    .   b - +0 scale mail
rPois    +         Spirit   .   (no helmet)
rElec    .         Reflect  .   i - +0 cloak
rCorr    .         Harm     .   (no gloves)
MR       .....                  (no barding)
Stlth    ..........             (no amulet)
HPRegen  0.18/turn              (no ring)
MPRegen  0.10/turn              (no ring)

@: mighty, very slow
A: large, see invisible, deformed body, poison resistance, slowness 2, slow
metabolism 1, spit poison 1, AC +2
a: Spit Poison


You were on level 5 of the Dungeon.
You were not hungry.

You visited 1 branch of the dungeon, and saw 5 of its levels.

You collected 146 gold pieces.

Inventory:

Hand Weapons
 a - a +0 trident (weapon)
 d - a +2 quarterstaff of chaos
 l - a +0 blowgun
Missiles
 n - 3 poisoned needles
Armour
 b - a +0 scale mail (worn)
 c - a +0 shield (worn)
 i - a +0 cloak (worn)
Jewellery
 m - an uncursed amulet of rage {unknown}
Scrolls
 e - 2 scrolls of remove curse {unknown}
 k - 4 scrolls of identify {unknown}
 q - a scroll of enchant weapon {unknown}
 r - a scroll of teleportation {unknown}
Potions
 h - a potion of curing {unknown}
 j - a potion of mutation {unknown}
 p - a potion of lignification {unknown}
Comestibles
 f - 7 rations
 o - 4 chunks of flesh


   Skills:
 - Level 3.0 Fighting
 + Level 6.9 Polearms
 + Level 2.4 Armour
 + Level 2.4 Shields


You had 5 spell levels left.
You didn't know any spells.

Dungeon Overview and Level Annotations

Branches:
Dungeon (5/15)
 Temple: D:4-7

Altars:
Kikubaaqudgha
Qazlal
Uskayaw
Xom

Annotations:
D:4 KleinerIrrer's ghost, novice FoFi


Innate Abilities, Weirdness & Mutations

You cannot wear boots.
Your serpentine skin is tough. (AC +2)
You have supernaturally acute eyesight. (SInv)
Armour fits poorly on your strangely shaped body.
Your system is resistant to poisons. (rPois)
You cover ground very slowly.
You have a slow metabolism.
You can spit poison.


Message History

The worker ant is almost dead.
The worker ant closely misses you.
Firing (i - inventory) No suitable missiles.
Press: ? - help, Shift-Dir - straight line, f/p - worker ant
Aim: a worker ant (almost dead)
Okay, then.
You feel very mighty all of a sudden. The worker ant bites you.
You closely miss the ogre. The worker ant bites you.
The ogre hits you with a giant spiked club!
You barely miss the ogre. You block the worker ant's attack.
The ogre hits you with a giant spiked club!!
* * * LOW HITPOINT WARNING * * *
The worker ant bites you but does no damage.
You puncture the ogre!
The ogre is heavily wounded.
You block the worker ant's attack.
The ogre hits you with a giant spiked club!!
Ouch! That really hurt!
You die...

#......... .........
.##.#...
#....###..........#
....># ....#.....#
#..### ...#.....# #..#
..# ....###### #..# #.#
.........
#..########.####Oa......
#..÷..........##@#
#.......÷........#
#...........#.##.#
#.#.#######.#.##.# #.#.#
#.#.##.# ..... #.#.##.#
..... ........ ..#.#
#.#.##.# .... ..... .#


You could see an ogre and a worker ant.

Vanquished Creatures
  A sky beast (D:5)
  A scorpion (D:4)
  2 vampire bats (D:4)
  Crazy Yiuf (D:2)
  3 adders
  2 shadow imps (D:5)
  An ooze (D:3)
  A worm (D:2)
  6 dart slugs
  An orc (D:3)
  3 bat skeletons (D:4)
  2 bat zombies (D:4)
  A giant cockroach (D:3)
  6 goblins
  6 hobgoblins
  4 jackals (D:2)
  4 quokkas
  6 bats
  3 frilled lizards
  10 kobolds
  7 rats
71 creatures vanquished.

Notes
Turn   | Place    | Note
-------+----------+-------------------------------------------
     0 | D:1      | KleinerIrrer the Naga Fighter began the quest for the Orb.
     0 | D:1      | Reached XP level 1. HP: 21/21 MP: 1/1
   329 | D:1      | Reached XP level 2. HP: 28/28 MP: 2/2
   398 | D:1      | Found a shimmering altar of Xom.
   403 | D:1      | Reached skill level 3 in Polearms
   912 | D:2      | Reached XP level 3. HP: 27/34 MP: 3/3
  1266 | D:2      | Reached skill level 4 in Polearms
  1408 | D:2      | Found a runed door.
  1413 | D:2      | Noticed Crazy Yiuf
  1418 | D:2      | Killed Crazy Yiuf
  1418 | D:2      | Reached XP level 4. HP: 17/42 MP: 0/4
  1816 | D:3      | Found a stormy altar of Qazlal.
  1874 | D:3      | Found a faded altar of an unknown god.
  1969 | D:3      | Reached skill level 5 in Polearms
  1988 | D:3      | Reached XP level 5. HP: 39/49 MP: 5/5
  2415 | D:4      | Found a hide-covered altar of Uskayaw.
  2556 | D:4      | Found an ancient bone altar of Kikubaaqudgha.
  2635 | D:4      | Reached skill level 6 in Polearms
  2635 | D:4      | Reached XP level 6. HP: 15/56 MP: 6/6
  2764 | D:4      | Noticed KleinerIrrer's ghost (novice FoFi)
  2783 | D:5      | Entered Level 5 of the Dungeon
  2940 | D:5      | Noticed a sky beast
  2971 | D:5      | Killed a sky beast
  3315 | D:5      | Demolished by an ogre

Vault maps used:
D:1:      evilmike_arrival_rings, minivault_24, minmay_misc_feat_four_crosses,
          xom_teletrap_fun
D:2:      grunt_decor_mini_mirrors, uniq_crazy_yiuf_cottage
D:3:      nicolae_qazlal_eye_of_the_storm, first_ration,
          chequers_ecumenical_altar_simple_redux
D:4:      eat_drink_and_be_merry_uskayaw, kennysheep_vampire_church
D:5:      kennysheep_mini_moat, uniq_sigmund, uniq_eustachio

Skill      XL: |  1  2  3  4  5 |
---------------+----------------+-----
Polearms       | 3 4 5 6 |  6.9
Fighting       | |  3.0
Armour         | |  2.4
Shields        | |  2.4

Action                   |  1- 3 |  4- 6 || total
-------------------------+-------+-------++-------
Melee: Trident           |   115 |   177 ||   292
 Abil: Spit Poison       |       |     5 ||     5
  Use: Potion            |     1 |     1 ||     2
  Eat: Chunk             |     1 |     4 ||     5
       Ration            |       |     1 ||     1
Armor: Scale mail        |    34 |    75 ||   109
Dodge: Dodged            |    30 |    31 ||    61
Block: Shield            |    41 |    57 ||    98

Table legend:
 A = Spawn XP
 B = Non-spawn XP
 C = Spawn XP percentage of total XP
 D = Spawn monster count
 E = Non-spawn monster count
 F = Spawn count percentage of total count
 G = Total turns spent on level
                    A         B        C        D         E        F      G
               +---------+---------+-------+---------+---------+-------+---------
         Total |       0 |     540 |   0.0 |       0 |      71 |   0.0 |  3315
               +---------+---------+-------+---------+---------+-------+---------
           D:1 |       0 |      29 |   0.0 |       0 |      16 |   0.0 |   898
           D:2 |       0 |      89 |   0.0 |       0 |      23 |   0.0 |   752
           D:3 |       0 |      50 |   0.0 |       0 |      18 |   0.0 |   756
           D:4 |       0 |     200 |   0.0 |       0 |       9 |   0.0 |   377
           D:5 |       0 |     172 |   0.0 |       0 |       5 |   0.0 |   532
               +---------+---------+-------+---------+---------+-------+---------
